 Dungeon Crawl Stone Soup version 0.31-a0-806-g0bc164a743 (webtiles) character file.

Game seed: 17405918834170861179

1922 celil6p the Digger (level 9, -3/53 HPs)
             Began as an Octopode Earth Elementalist on Sept 21, 2023.
             Was a Follower of Vehumet.
             Shot with an arrow by a centaur (11 damage)
             ... on level 7 of the Dungeon.
             The game lasted 00:20:13 (6886 turns).

celil6p the Digger (Octopode Earth Elementalist)    Turns: 6886, Time: 00:20:13

Health: -3/53      AC:  1    Str:  7    XL:     9   Next: 17%
Magic:  19/20      EV: 13    Int: 22    God:    Vehumet [*.....]
Gold:   450        SH:  0    Dex: 12    Spells: 10/22 levels left

rFire   . . .        w - +2 dagger (drain)
rCold   . . .        (no shield)
rNeg    + . .        (helmet restricted)
rPois   .            (no amulet)
rElec   .            f - ring of positive energy
rCorr   .            (no ring)
SInv    .            (no ring)
Will    .....        (no ring)
Stlth   +++          (no ring)
HPRegen 0.28/turn    (no ring)
MPRegen 0.17/turn    (no ring)
                     (no ring)

%: no passive effects
@: invisible
A: almost no armour, amphibious, 8 rings, camouflage 1, gelatinous body 1,
(nimble swimmer 1), tentacles
a: Renounce Religion


You were on level 7 of the Dungeon.
You worshipped Vehumet.
Vehumet was aware of your devotion.
You visited 1 branch of the dungeon, and saw 7 of its levels.

You collected 450 gold pieces.

Inventory:

Hand Weapons
 c - a +0 dagger
 l - a +0 rapier
 w - a +2 dagger of draining (weapon)
 B - a +4 dagger
Missiles
 n - 4 boomerangs
 C - a curare-tipped dart
Jewellery
 f - a ring of positive energy (left tentacle)
 E - an amulet of magic regeneration
Wands
 m - a wand of flame (16)
 s - a wand of iceblast (4)
 y - a wand of polymorph (3)
Scrolls
 b - a scroll of teleportation
 d - 2 scrolls of fear
 g - a scroll of revelation
 r - 2 scrolls of poison
 t - a scroll of immolation
 u - a scroll of summoning
 x - a scroll of enchant weapon
 D - a scroll of noise {unknown}
 F - a scroll of identify
Potions
 a - a potion of magic
 h - 2 potions of mutation {unknown}
 i - 5 potions of curing
 j - a potion of haste {unknown}
 k - a potion of heal wounds {unknown}
 o - 3 potions of lignification {unknown}
 p - a potion of attraction {unknown}
 q - a potion of enlightenment {unknown}
 v - a potion of brilliance {unknown}
 z - a potion of resistance {unknown}
 A - a potion of ambrosia {unknown}


   Skills:
 + Level 1.3 Fighting
 + Level 3.2 Dodging
 + Level 4.0 Stealth
 + Level 7.4 Spellcasting
 + Level 1.9 Conjurations
 + Level 1.0 Transmutations
 + Level 7.9 Earth Magic
 + Level 1.1 Evocations


You had 10 spell levels left.
You knew the following spells:

 Your Spells              Type           Power      Damage    Failure   Level
a - Sandblast             Erth           86%        2d18      1%          1
b - Stone Arrow           Conj/Erth      58%        3d10      3%          3
c - Brom's Barrelling Bo  Conj/Erth      29%        2d5       11%         4
d - Petrify               Tmut/Erth      27%        N/A       12%         4

Your spell library contained the following spells:

 Spells                   Type           Power      Damage    Failure   Level
 Freeze                   Ice            32%        1d5       8%          1
 Passwall                 Tmut/Erth      22%        N/A       1%          2
 Magic Dart               Conj           64%        1d6       3%          1
 Call Imp                 Summ           16%        N/A       12%         2
 Mephitic Cloud           Conj/Pois/Air  10%        N/A       19%         3
 Inner Flame              Hex/Fire       8%         N/A       24%         3
 Yara's Violent Unravell  Hex/Tmut       5%         3d4       87%         5
 Enfeeble                 Hex            4%         N/A       100%        7


Dungeon Overview and Level Annotations

Branches:
Dungeon (7/15)
 Temple: D:4-7

Altars:
Ashenzari
Gozag
Makhleb
Nemelex Xobeh
Okawaru
Trog
Uskayaw
Vehumet
Wu Jian
Xom
Yredelemnul
Zin

Shops:
D:5 *

Annotations:
D:7 Joseph


Innate Abilities, Weirdness & Mutations

You cannot wear most types of armour.
You are amphibious.
You can wear up to eight rings at the same time.
Your skin changes colour to match your surroundings (Stealth+).
Your rubbery body absorbs attacks. (AC +1, EV +1)
((You are camouflaged when in or above water. (Stealth+)))
You have tentacles for arms and can constrict up to eight enemies at once.


Message History

HP restored.
You now have 436 gold pieces (gained 9).
You now have 450 gold pieces (gained 14).
A centaur comes into view.
A centaur is nearby!
Found a sparkling altar of Nemelex Xobeh.
Casting: Brom's Barrelling Boulder (dangerous; 11% risk of failure)
Confirm with . or Enter, or press ? or * to list all spells.
Aiming: Brom's Barrelling Boulder (dangerous; 11% risk of failure)
Press: ? - help, Dir - move target, f - centaur
Aim: a centaur (asleep, 100% to hit)
You send a boulder barrelling forward!
The boulder barrels into the centaur!
The centaur is moderately wounded.
The centaur is knocked back.
Your boulder slams into a wall and explodes!
The rocky shrapnel hits the centaur.
The centaur is heavily wounded.
You hear a shout!
Casting: Brom's Barrelling Boulder (dangerous; 11% risk of failure)
Confirm with . or Enter, or press ? or * to list all spells.
Aiming: Brom's Barrelling Boulder (dangerous; 11% risk of failure)
Press: ? - help, Dir - move target, f - you, p - centaur There's a thick-headed creature in the way.
Okay, then.
The centaur wields a +0 orcbow.
The centaur shoots an arrow.
The arrow hits you!
The centaur shoots an arrow.
The arrow hits you!
A lemure comes into view.
A lemure comes into view.
The centaur shoots an arrow.
The arrow closely misses you.
You hear a shout!
The centaur shoots an arrow.
The arrow hits you.
The centaur shoots an arrow.
The arrow completely misses you.
The centaur shoots an arrow.
The arrow hits you!!
* * * LOW HITPOINT WARNING * * *
The centaur shoots an arrow.
The arrow hits you.
* * * LOW HITPOINT WARNING * * *
You fade into invisibility!
The centaur shoots an arrow.
The arrow hits you!
You die...

#.....................#
#...##.##.............# # #..
##c...........#### #...
.##...........##.#
#.......#....5.........#
c°○.._...............##.#
#.#.......#............#.#
#.##.....##............#.#
...##.....@.......#.# #.#
#.##..............#.# #.#
...........<......#.# #.# #...@
..................###.# #....
....................#.# ##....
...................#.# #.....
####.................###
#.....##############.............
#.....+....<.# #..........###


You could see a lemure (unable to see you) and a centaur (unable to see you).

Vanquished Creatures
  A wraith (D:6)
  4 water moccasins
  An ogre (D:6)
  A phantom (D:5)
  2 kobold brigands
  An elf zombie (D:5)
  4 scorpions
  2 elf skeletons (D:5)
  A crimson imp (D:6)
  7 hounds
  2 jellies
  A human zombie (D:5)
  A sleepcap (D:7)
  3 iguanas
  An orc wizard (D:4)
  7 adders
  A shadow imp (D:6)
  2 worms
  4 dart slugs
  9 orcs
  11 ball pythons
  12 endoplasms
  5 giant cockroaches
  9 goblins
  5 hobgoblins
  3 jackals (D:4)
  20 kobolds
  2 quokkas
  A bat (D:1)
  3 frilled lizards
  An orc skeleton (D:5)
  An orc zombie (D:5)
  6 rats
134 creatures vanquished.

Vanquished Creatures (others)
  A boulder (D:7)
1 creature vanquished.

Grand Total: 135 creatures vanquished

Notes
Turn   | Place    | Note
-------+----------+-------------------------------------------
     0 | D:1      | celil6p the Octopode Earth Elementalist began the quest for
                  | the Orb.
     0 | D:1      | Reached XP level 1. HP: 11/11 MP: 3/3
   135 | D:1      | Reached XP level 2. HP: 17/17 MP: 3/5
   393 | D:1      | Reached XP level 3. HP: 21/21 MP: 3/6
   696 | D:1      | Learned a level 3 spell: Stone Arrow
  1177 | D:2      | Reached XP level 4. HP: 24/27 MP: 4/8
  1738 | D:3      | Found an iron altar of Okawaru.
  2113 | D:3      | Noticed a scorpion
  2116 | D:3      | Killed a scorpion
  2117 | D:3      | Reached XP level 5. HP: 31/31 MP: 1/10
  2213 | D:3      | Found a faded altar of an unknown god.
  3127 | D:4      | Reached XP level 6. HP: 32/36 MP: 8/12
  3520 | D:4      | Found a hide-covered altar of Uskayaw.
  3592 | D:4      | Learned a level 4 spell: Brom's Barrelling Boulder
  3597 | D:4      | Learned a level 4 spell: Petrify
  3605 | D:4      | Reached skill level 5 in Earth Magic
  3648 | D:4      | Found a shimmering altar of Xom.
  3815 | D:5      | Entered Level 5 of the Dungeon
  3978 | D:5      | Reached XP level 7. HP: 38/41 MP: 1/14
  3981 | D:5      | Reached skill level 5 in Spellcasting
  4108 | D:5      | Reached skill level 1 in Fighting
  4168 | D:5      | Found an ornate altar of the Wu Jian Council.
  4307 | D:5      | Found an opulent altar of Gozag.
  4558 | D:5      | Found a glowing silver altar of Zin.
  4561 | D:5      | Found Zin's Purification Station.
  4941 | D:5      | Reached XP level 8. HP: 48/48 MP: 11/16
  5022 | D:5      | Reached skill level 1 in Conjurations
  5795 | D:6      | Noticed a wraith
  5806 | D:6      | Killed a wraith
  6188 | D:6      | Reached XP level 9. HP: 53/53 MP: 12/19
  6386 | D:6      | Found a burning altar of Makhleb.
  6542 | D:6      | Identified the +0 plate armour of Qaorghyry {Str+2}
  6582 | D:7      | Noticed Joseph
  6617 | D:7      | Found a bloodstained altar of Trog.
  6617 | D:7      | Found a broken altar of Ashenzari.
  6627 | D:7      | Found a faded altar of an unknown god.
  6630 | D:7      | Found a basalt altar of Yredelemnul.
  6632 | D:7      | Found a faded altar of an unknown god.
  6644 | D:7      | Prayed at the altar of an unknown god.
  6644 | D:7      | Became a worshipper of Vehumet
  6644 | D:7      | Reached * piety under Vehumet
  6644 | D:7      | Offered knowledge of Freeze by Vehumet.
  6754 | D:7      | Reached skill level 1 in Evocations
  6869 | D:7      | Found a sparkling altar of Nemelex Xobeh.
  6886 | D:7      | Shot with an arrow by a centaur

Illustrated notes

Levels and vault maps discovered:
D:1:      giann_wishing_wells, layout_basic, chequers_serial_rivers_large_a,
          grunt_decor_mini_mirrors
D:2:      layout_loops_ring
D:3:      layout_basic, kennysheep_okawaru_gauntlet,
          shapermc_ecumenical_altar_mp_urbaneastern, minmay_close_crescents
D:4:      layout_gridville, nicolae_uskayaw_dance_hall, kennysheep_mini_moat,
          grunt_decor_cap
D:5:      layout_basic, zin_purify, lemuel_crystal_altar, grunt_gozag_statues,
          nicolae_ossuary_entry_catacombs
D:6:      layout_gridville, makhleb_grotto_becter, minmay_misc_feat_tower
D:7:      layout_basic, lemuel_round_altar, chequers_temple_overflow_minitemple,
          worldfamousw_hep_ancestral_shrine, minmay_temple_entry_overgrown,
          uniq_joseph, uniq_pikel

Skill      XL: |  1  2  3  4  5  6  7  8  9 |
---------------+----------------------------+-----
Stealth        | 3 4 |  4.0
Spellcasting   | 3 4 5 7 |  7.4
Earth Magic    | 4 5 6 7 |  7.9
Fighting       | 1 |  1.3
Conjurations   | 1 |  1.9
Dodging        | 3 |  3.2
Evocations     | 1 |  1.1
Transmutations | |  1.0

Action                     |  1- 3 |  4- 6 |  7- 9 || total
---------------------------+-------+-------+-------++-------
  Melee: Tentacles         |     2 |       |     3 ||     5
         Constrict         |     2 |       |     1 ||     3
         Dagger            |     1 |       |    12 ||    13
         Unarmed           |     1 |       |       ||     1
   Cast: Sandblast         |    47 |    83 |    65 ||   195
         Stone Arrow       |       |     7 |     9 ||    16
         Brom's Barrelling |       |       |     2 ||     2
  Evoke: Wand              |       |       |     9 ||     9
    Use: Scroll            |       |     2 |     6 ||     8
         Potion            |       |     1 |     3 ||     4
 Armour: Skin              |     4 |    24 |    43 ||    71
  Dodge: Dodged            |    11 |    34 |    34 ||    79

Table legend: (Time is in decaauts)
 A = Elapsed time spent in this place.
 B = Non-inter-level travel time spent in this place.
 C = Inter-level travel time spent in this place.
 D = Time resting spent in this place.
 E = Time spent auto-exploring this place.
 F = Levels seen in this place.
 G = Mean time per level.
                   A        B        C        D        E       F      G
               +--------+--------+--------+--------+--------+-----+--------+
         Total |   6992 |   6909 |     83 |      0 |   5235 |   7 |  998.9 |
       Dungeon |   6992 |   6909 |     83 |      0 |   5235 |   7 |  998.9 |
               +--------+--------+--------+--------+--------+-----+--------+

Top non-repeatable levels by time:
     D:5: 1542 daAuts
     D:6: 1259 daAuts
     D:3: 1127 daAuts
     D:4: 990 daAuts
     D:1: 951 daAuts
     D:2: 806 daAuts
     D:7: 314 daAuts
